 Dungeon Crawl Stone Soup version 0.30-a0-847-g17996783a1 (webtiles) character file.

Game seed: 2901339740583736579

1311 ders the Thaumaturge (level 8, -8/50 HPs)
             Began as a Djinni Conjurer on Mar 3, 2023.
             Killed by an exploding fulminant prism (32 damage)
             ... on level 6 of the Dungeon.
             The game lasted 00:06:45 (4710 turns).

ders the Thaumaturge (Djinni Conjurer)              Turns: 4710, Time: 00:06:45

Health: -8/50      AC:  2    Str:  6    XL:     8   Next: 89%
Gold:   291        EV: 12    Int: 28    God:
                   SH:  0    Dex: 12

rFire   + + .      SeeInvis .    c - staff of air
rCold   . . .      Faith    .    (no shield)
rNeg    . . .      Spirit   .    a - +0 robe
rPois   ∞          Reflect  .    (no helmet)
rElec   +          Rampage  .    (no cloak)
rCorr   .                        (no gloves)
Will    .....                    (boots unavailable)
Stlth   ++                       (no amulet)
HPRegen 0.28/turn                y - ring of protection from cold
MPRegen 0.00/turn                u - +6 ring of intelligence

@: flying
A: sickness immunity, fire resistance 2, cold vulnerability 1, float, innate
caster, HP casting, extra vitality 1
a: no special abilities


You were on level 6 of the Dungeon.
You visited 1 branch of the dungeon, and saw 6 of its levels.

You collected 291 gold pieces.

Inventory:

Armour
 a - a +0 robe (worn)
 v - the +2 robe of Muarhuna {Drain rPois Dex+3}
   (You found it on level 4 of the Dungeon)

   Dex:       It affects your dexterity (+3).
   rPois:     It protects you from poison.
   Drain:     It drains your maximum health when unequipped.
Magical Staves
 c - a staff of air (weapon)
Jewellery
 t - a ring of fire
 u - a +6 ring of intelligence (right hand)
 y - a ring of protection from cold (left hand)
Wands
 k - a wand of roots (11)
 l - a wand of light (6)
Scrolls
 b - 4 scrolls of immolation
 d - 8 scrolls of identify
 f - 3 scrolls of vulnerability
 g - a scroll of poison
 h - 2 scrolls of enchant weapon {unknown}
 i - 5 scrolls of teleportation {unknown}
 j - a scroll of fear {unknown}
 m - a scroll of torment {unknown}
 p - a scroll of amnesia {unknown}
 q - a scroll of blinking {unknown}
 w - a scroll of noise {unknown}
Potions
 e - 2 potions of curing {unknown}
 n - a potion of heal wounds {unknown}
 o - a potion of flight {unknown}
 r - a potion of lignification {unknown}
 s - 3 potions of haste {unknown}
 x - a potion of invisibility {unknown}
 z - a potion of ambrosia {unknown}


   Skills:
 - Level 2.1 Dodging
 - Level 1.5 Stealth
 + Level 8.5 Spellcasting


You knew the following spells:

 Your Spells              Type           Power      Damage    Failure   Level
a - Magic Dart            Conj           100%       1d8       1%          1
b - Searing Ray           Conj           100%       2d8       1%          2
c - Dazzling Flash        Conj/Hex       100%       N/A       1%          3
d - Fulminant Prism       Conj/Hex       28%        3d14      1%          4
e - Iskenderun's Mystic   Conj/Tloc      56%        2d12      1%          4
f - Kiss of Death         Conj/Necr      100%       2d13      1%          1
g - Static Discharge      Conj/Air       100%       2-7/arc   1%          2
h - Vhi's Electric Charg  Tloc/Air       100%       N/A       1%          3
Your spell library was empty.

Dungeon Overview and Level Annotations

Branches:
Dungeon (6/15)
 Temple: D:4-7

Altars:
Gozag
Makhleb
Qazlal
Ru
Trog

Annotations:
D:2 Ijyb


Innate Abilities, Weirdness & Mutations

You are immune to sickness and miasma.
You are immune to poison.
Your flesh is very heat resistant. (rF++)
You are vulnerable to cold. (rC-)
You float through the air rather than walking.
You learn spells naturally, not from books.
Your magical power is your life essence.
You have superior vitality. (+4 MHP)


Message History

Press: ? - help, Shift-Dir - straight line, f/p - gnoll
Aim: a gnoll, wielding a +2 sling of flaming, wearing a +0 scale mail and wearing a ring of see invisible (100% to hit)
The magic dart hits the gnoll.
The gnoll is lightly wounded.
The gnoll shoots a sling bullet.
The sling bullet barely misses you.
A phantom comes into view.
Unknown command.
Casting: Magic Dart (safe; 1% risk of failure)
Confirm with . or Enter, or press ? or * to list all spells.
Aiming: Magic Dart (safe; 1% risk of failure)
Press: ? - help, Shift-Dir - straight line, f/p - gnoll
Aim: a gnoll, wielding a +2 sling of flaming, wearing a +0 scale mail and wearing a ring of see invisible (lightly wounded, 100% to hit)
The magic dart hits the gnoll but does no damage.
The gnoll is lightly wounded.
The gnoll shoots a sling bullet.
The sling bullet closely misses you.
Unknown command.
Casting: Magic Dart (safe; 1% risk of failure)
Confirm with . or Enter, or press ? or * to list all spells.
Aiming: Magic Dart (safe; 1% risk of failure)
Press: ? - help, Shift-Dir - straight line, f/p - gnoll
Aim: a gnoll, wielding a +2 sling of flaming, wearing a +0 scale mail and wearing a ring of see invisible (lightly wounded, 100% to hit)
The magic dart hits the gnoll but does no damage.
The gnoll is lightly wounded.
The gnoll shoots a sling bullet.
The sling bullet misses you.
Unknown command.
Casting: Magic Dart (safe; 1% risk of failure)
Confirm with . or Enter, or press ? or * to list all spells.
Aiming: Fulminant Prism (dangerous; 1% risk of failure)
Press: ? - help, Dir - move target, p - gnoll You conjure a prism of explosive energy!
A fulminant prism comes into view.
The gnoll shoots a sling bullet.
The sling bullet misses you.
The gnoll shoots a sling bullet.
The sling bullet hits you! The sling bullet burns you.
Your fulminant prism crackles loudly.
The gnoll shoots a sling bullet.
The sling bullet hits you.
Your fulminant prism explodes!
The blast of energy engulfs you!!
Ouch! That really hurt!
You die...

##<[.))).# .. .#
#.....#### #.##.#
#.)#### ......
#####.######..##....#
#...[.#......# .....#
....#..<#.#######.†...#.
## ##.#...##..........g.
###....####....W#....#
#....##......#.@.....#
##...........#..##......
#.....########.## .....$
#....####......### .....
..........###....# #....
.....###### #........#..
...### #........... ...
#....##### ### #....#


You could see a phantom and a gnoll.

Vanquished Creatures
  A black bear (D:6)
  An ogre (D:4)
  A phantom (D:5)
  A bullfrog (D:6)
  3 scorpions
  4 wights (D:6)
  A howler monkey (D:5)
  6 hounds
  An iguana (D:5)
  5 orc wizards
  8 gnolls
  8 adders
  A white imp (D:6)
  2 ufetubi (D:4)
  A worm (D:4)
  5 dart slugs
  7 orcs
  2 endoplasms
  5 giant cockroaches
  8 goblins
  3 hobgoblins
  4 jackals (D:1)
  5 quokkas
  2 ball pythons
  2 bats
  8 frilled lizards
  4 kobolds
  6 rats
105 creatures vanquished.

Vanquished Creatures (others)
  9 fulminant prisms
  5 fungi (D:5)
  51 plants (D:3)
65 creatures vanquished.

Grand Total: 170 creatures vanquished

Notes
Turn   | Place    | Note
-------+----------+-------------------------------------------
     0 | D:1      | ders the Djinni Conjurer began the quest for the Orb.
     0 | D:1      | ders set off with the following spells memorised: Magic
                  | Dart, Searing Ray, Dazzling Flash, Fulminant Prism,
                  | Iskenderun's Mystic Blast.
     0 | D:1      | Reached XP level 1. HP: 15/15 MP: 0/0
   136 | D:1      | Reached XP level 2. HP: 20/21 MP: 0/0
   591 | D:1      | Reached XP level 3. HP: 24/25 MP: 0/0
   591 | D:1      | Learned a level 1 spell: Kiss of Death
  1047 | D:2      | Reached skill level 4 in Spellcasting
  1174 | D:2      | Reached XP level 4. HP: 5/31 MP: 0/0
  1854 | D:2      | Reached XP level 5. HP: 31/35 MP: 0/0
  1854 | D:2      | Learned a level 2 spell: Static Discharge
  2329 | D:3      | Found a burning altar of Makhleb.
  2413 | D:3      | Noticed Ijyb
  2610 | D:3      | Reached skill level 5 in Spellcasting
  2956 | D:4      | Noticed an ogre
  2963 | D:4      | Killed an ogre
  2964 | D:4      | Reached XP level 6. HP: 24/40 MP: 0/0
  3135 | D:4      | Identified the +2 robe of Muarhuna {Drain rPois Dex+3}
  3200 | D:4      | Found a stormy altar of Qazlal.
  3274 | D:4      | Reached skill level 6 in Spellcasting
  3397 | D:4      | Found a bloodstained altar of Trog.
  3397 | D:4      | Found an opulent altar of Gozag.
  3450 | D:4      | Reached XP level 7. HP: 36/45 MP: 0/0
  3450 | D:4      | Learned a level 3 spell: Vhi's Electric Charge
  3644 | D:5      | Entered Level 5 of the Dungeon
  3845 | D:5      | Reached skill level 7 in Spellcasting
  3948 | D:5      | Reached XP level 8. HP: 45/50 MP: 0/0
  4187 | D:5      | Found a sacrificial altar of Ru.
  4452 | D:6      | Reached skill level 8 in Spellcasting
  4710 | D:6      | Killed by an exploding fulminant prism

Illustrated notes

Levels and vault maps discovered:
D:1:      lightli_arrival_farm, layout_basic, hangedman_decor_growths
D:2:      layout_loops_ring, serial_glass, glass_columns_a, glass_columns_c,
          minmay_strange_pillars, st_stairs_5
D:3:      layout_basic, lightli_temple_of_fire,
          nicolae_kikubaaqudgha_miasma_corner, minmay_misc_feat_hallway,
          solitary_fountain, kennysheep_boxes, uniq_ijyb
D:4:      layout_cave_pools, mainiacjoe_overflow_brackets,
          gammafunk_temple_overflow_pools
D:5:      layout_basic, mainiacjoe_overflow_chevrons, grunt_ministairs_6
D:6:      layout_rooms, minmay_temple_entry_crystal_x

Skill      XL: |  1  2  3  4  5  6  7  8 |
---------------+-------------------------+-----
Spellcasting   | 4 5 6 7 8 |  8.5
Dodging        | |  2.1
Stealth        | |  1.5

Action                     |  1- 3 |  4- 6 |  7- 9 || total
---------------------------+-------+-------+-------++-------
  Melee: Staff             |       |     3 |       ||     3
   Cast: Magic Dart        |    58 |    94 |    61 ||   213
         Searing Ray       |     9 |    14 |    21 ||    44
         Fulminant Prism   |       |     3 |     6 ||     9
         Iskenderun's Myst |       |     1 |     7 ||     8
    Use: Scroll            |       |     3 |       ||     3
         Potion            |       |     2 |       ||     2
 Armour: Robe              |     1 |     2 |     1 ||     4
  Dodge: Dodged            |    10 |     8 |    14 ||    32

Table legend: (Time is in decaauts)
 A = Elapsed time spent in this place.
 B = Non-inter-level travel time spent in this place.
 C = Inter-level travel time spent in this place.
 D = Time resting spent in this place.
 E = Time spent auto-exploring this place.
 F = Levels seen in this place.
 G = Mean time per level.
                   A        B        C        D        E       F      G
               +--------+--------+--------+--------+--------+-----+--------+
         Total |   4680 |   4461 |    219 |    708 |   3153 |   6 |  780.0 |
       Dungeon |   4680 |   4461 |    219 |    708 |   3153 |   6 |  780.0 |
               +--------+--------+--------+--------+--------+-----+--------+

Top non-repeatable levels by time:
     D:1: 1192 daAuts
     D:2: 924 daAuts
     D:5: 907 daAuts
     D:3: 786 daAuts
     D:4: 716 daAuts
     D:6: 153 daAuts
